General information
- name: BNet
- type: Ladder 1vs1/FFA
- host: Battle.net
- saver: 156
map: EchoIsles
- players: 2
- length: 16:29
- speed: Fast
- version: 1.26 W3XP
- replay type: Public
» download(71 KB)
Players
team 1 (loser)
1IoO0lI1O0O1 (
blue | 116 APM | 1917 actions | 16:28)
5 Archmage
3 Summon Water Elemental
2 Brilliance Aura
2 Mountain King
1 Storm Bolt
1 Thunder Clap
1 Paladin
1 Holy Light
» actions
| Assign group hotkey | 46 | |
| Basic commands | 99 | |
| Build / train | 84 | |
| ESC pressed | 2 | |
| Enter build submenu | 26 | |
| Enter hero's abilities submenu | 9 | |
| Give item / drop item | 1 | |
| Right click | 773 | |
| Select / deselect | 458 | |
| Select group hotkey | 281 | |
| Use ability | 138 | |
1917 total
» units
| Peasant | 23 | |
| Footman | 4 | |
| Forest Troll Shadow Priest | 4 | |
| Forest Troll Berserker | 4 | |
| Mud Golem | 1 | |
| Ogre Mauler | 1 | |
| Priest | 2 | |
| Knight | 4 | |
| Mortar Team | 3 | |
46 total
» upgrades
| Lumber Harvesting | 2 | |
| Priest Training | 2 | |
| Magic Sentry | 1 | |
| Fragmentation Shards | 1 | |
| Gunpowder | 1 | |
7 total
» buildings
| Altar of Kings | 1 | |
| Farm | 9 | |
| Barracks | 1 | |
| Scout Tower | 5 | |
| Arcane Tower | 3 | |
| Town Hall | 1 | |
| Lumber Mill | 1 | |
| Keep | 1 | |
| Arcane Vault | 1 | |
| Guard Tower | 2 | |
| Castle | 1 | |
| Blacksmith | 1 | |
| Arcane Sanctum | 2 | |
| Workshop | 2 | |
| Gryphon Aviary | 1 | |
32 total
» build order
00:06 Altar of Kings
00:16 Farm
00:19 Barracks
00:53 Farm
01:45 Farm
01:48 Scout Tower
02:25 Arcane Tower
02:38 Farm
03:58 Farm
04:38 Scout Tower
04:42 Scout Tower
04:51 Town Hall
04:57 Arcane Tower
06:27 Lumber Mill
06:40 Keep
06:59 Arcane Vault
07:01 Scout Tower
08:05 Arcane Tower
08:07 Scout Tower
08:39 Guard Tower
09:33 Castle
10:21 Blacksmith
10:24 Arcane Sanctum
10:27 Arcane Sanctum
10:49 Guard Tower
11:55 Workshop
11:58 Workshop
12:10 Farm
12:11 Farm
12:12 Farm
12:13 Farm
15:21 Gryphon Aviary
» items
| Lesser Clarity Potion | 4 | |
| Scroll of Regeneration | 3 | |
| Ivory Tower | 3 | |
| Potion of Healing | 1 | |
| Staff of Sanctuary | 1 | |
12 total
team 2 (winner)
156 (
red | 169 APM | 2783 actions | 16:29)
5 Archmage
3 Summon Water Elemental
2 Brilliance Aura
2 Mountain King
1 Storm Bolt
1 Thunder Clap
3 Paladin
1 Holy Light
2 Divine Shield
» actions
| Assign group hotkey | 77 | |
| Basic commands | 162 | |
| Build / train | 103 | |
| ESC pressed | 1 | |
| Enter build submenu | 33 | |
| Enter hero's abilities submenu | 10 | |
| Give item / drop item | 1 | |
| Right click | 680 | |
| Select / deselect | 417 | |
| Select group hotkey | 1182 | |
| Use ability | 117 | |
2783 total
» units
| Peasant | 21 | |
| Footman | 12 | |
| Forest Troll Shadow Priest | 5 | |
| Forest Troll Berserker | 4 | |
| Mud Golem | 1 | |
| Ogre Mauler | 1 | |
| Priest | 5 | |
| Knight | 3 | |
| Mortar Team | 3 | |
| Gryphon Rider | 3 | |
58 total
» upgrades
| Swords | 2 | |
| Masonry | 1 | |
| Animal War Training | 1 | |
| Priest Training | 2 | |
| Fragmentation Shards | 1 | |
| Plating | 1 | |
| Gunpowder | 1 | |
| Magic Sentry | 1 | |
10 total
» buildings
| Farm | 10 | |
| Altar of Kings | 1 | |
| Barracks | 1 | |
| Scout Tower | 8 | |
| Arcane Tower | 4 | |
| Town Hall | 1 | |
| Lumber Mill | 1 | |
| Keep | 1 | |
| Guard Tower | 4 | |
| Blacksmith | 1 | |
| Arcane Vault | 1 | |
| Castle | 1 | |
| Workshop | 2 | |
| Arcane Sanctum | 1 | |
| Gryphon Aviary | 1 | |
38 total
» build order
00:06 Farm
00:07 Altar of Kings
00:19 Barracks
00:33 Farm
01:33 Farm
03:23 Farm
04:07 Scout Tower
04:21 Arcane Tower
04:22 Scout Tower
04:35 Arcane Tower
04:41 Town Hall
05:06 Lumber Mill
06:15 Keep
06:17 Scout Tower
06:17 Scout Tower
06:33 Scout Tower
07:01 Guard Tower
07:02 Arcane Tower
07:03 Guard Tower
07:04 Scout Tower
07:19 Blacksmith
08:01 Scout Tower
08:01 Scout Tower
08:04 Arcane Vault
08:13 Guard Tower
08:29 Guard Tower
08:30 Arcane Tower
08:50 Farm
08:52 Castle
09:59 Workshop
10:00 Arcane Sanctum
10:20 Workshop
10:45 Farm
10:45 Farm
11:48 Gryphon Aviary
12:27 Farm
12:27 Farm
15:21 Farm
» items
| Scroll of Regeneration | 1 | |
| Staff of Sanctuary | 1 | |
| Orb of Fire | 1 | |
| Boots of Speed | 1 | |
4 total
Chat log
(16:27 / All) 1IoO0lI1O0O1: gg